 Dungeon Crawl Stone Soup version 0.31.0-32-g396128a36d (webtiles) character file.

Game seed: 5728452031807961785

88 PaiMei the Grave Robber (level 4, 0/30 HPs)
             Began as a Demonspawn Necromancer on Apr 5, 2024.
             Slain by Sigmund
             ... wielding a +0 scythe
              (4 damage)
             ... on level 3 of the Dungeon.
             The game lasted 00:04:22 (2786 turns).

PaiMei the Grave Robber (Demonspawn Necromancer)    Turns: 2786, Time: 00:04:23

Health: 0/30       AC:  5    Str:  8    XL:     4   Next: 29%
Magic:  1/8        EV: 13    Int: 17    God:
Gold:   162        SH:  0    Dex: 20    Spells: 4/8 levels left

rFire   . . .        d - +0 spear
rCold   + . .        (no shield)
rNeg    . . .        a - +0 robe
rPois   .            (no helmet)
rElec   .            c - +0 cloak
rCorr   .            (no gloves)
SInv    .            (no boots)
Will    .....        (no amulet)
Stlth   +++          e - ring of protection from cold
HPRegen 0.25/turn    o - +6 ring of dexterity
MPRegen 0.11/turn

%: no passive effects
@: no status effects
A: icy blue scales 1, foul stench 1
a: no special abilities


You were on level 3 of the Dungeon.
You visited 1 branch of the dungeon, and saw 3 of its levels.

You collected 162 gold pieces.

Inventory:

Hand Weapons
 d - a +0 spear (weapon)
Armour
 a - a +0 robe (worn)
 c - a +0 cloak (worn)
Jewellery
 e - a ring of protection from cold (left hand)
 o - a +6 ring of dexterity (right hand)
Scrolls
 f - 4 scrolls of identify {unknown}
 h - 2 scrolls of enchant armour {unknown}
 l - a scroll of teleportation {unknown}
Potions
 b - a potion of magic
 g - a potion of berserk rage {unknown}
 i - 3 potions of mutation {unknown}
 j - 2 potions of might {unknown}
 k - a potion of ambrosia {unknown}
 m - a potion of haste {unknown}
 n - a potion of curing {unknown}


   Skills:
 + Level 0.0 Fighting
 + Level 2.5 Dodging
 - Level 2.7 Stealth
 + Level 2.7 Spellcasting
 + Level 4.9 Necromancy


You had 4 spell levels left.
You knew the following spells:

 Your Spells              Type           Power      Damage    Failure   Level
a - Necrotise             Necr           76%        1d7       2%          1
b - Vampiric Draining     Necr           19%        2d7       7%          3

Your spell library contained the following spells:

 Spells                   Type           Power      Damage    Failure   Level
 Magic Dart               Conj           8%         1d3       19%         1
 Animate Dead             Necr           19%        N/A       24%         4
 Blink                    Tloc           4%         N/A       26%         2
 Call Imp                 Summ           4%         N/A       26%         2
 Curse of Agony           Necr           19%        N/A       54%         5


Dungeon Overview and Level Annotations

Branches:
Dungeon (3/15)

Altars:
Trog

Annotations:
D:3 Sigmund


Innate Abilities, Weirdness & Mutations

You are partially covered in icy blue scales. (AC +2)
You may rarely emit foul miasma when damaged in melee.


Message History

You closely miss Sigmund.
Sigmund is almost dead.
The adder closely misses you. Sigmund hits you with a +0 scythe.
The adder barely misses you.
You closely miss Sigmund.
Sigmund is almost dead.
The adder bites you but does no damage.
Sigmund casts a spell.
Sigmund flickers and vanishes!
Deactivating autopickup; reactivate with Ctrl-A.
You closely miss something. The adder misses you.
Something hits you but does no damage.
Casting: Necrotise (safe; 2% risk of failure)
Confirm with . or Enter, or press ? or * to list all spells.
Aiming: Necrotise (safe; 2% risk of failure)
Press: ? - help, Shift-Dir - straight line, f - adder
Aim: an adder (chance to affect: 84%)
The adder barely resists.
The adder barely misses you. The adder bites you.
You are poisoned.
The adder poisons you!
You feel sick.
You hear some strange, mumbled words.
You are confused.
You feel sick. The adder attacks as it pursues you!
The adder bites you but does no damage.
You feel sick. The adder attacks as it pursues you!
The adder bites you but does no damage.
You feel sick.
You are no longer poisoned.
The adder closely misses you. The adder barely misses you.
You're too confused to cast spells.
Something hits you.
* * * LOW HITPOINT WARNING * * *
You're too confused to cast spells.
You feel less confused. The adder attacks as it pursues you!
The adder barely misses you. Something hits you.
* * * LOW HITPOINT WARNING * * *
Something hits you.
You die...

#.# # .. #.# # #..#####
#.# # #.....# #.#
#..######.#########.####
#......................
#####.##...#######.#.##
#.##.....####...####....#
#........@.####...#####.##
.#
####.###.#S#.............#
K# #.#.{...#.####...######
.# ## #.#.#...#.# ###.# .#
... #.#.....#.######.#
.#.. #.#######.S...##.# ?.
g. #####.##.# # ## #.##.#
# #.##.#


You could see an adder.

Vanquished Creatures
  3 adders
  3 dart slugs
  A ribbon worm (D:3)
  3 bats (D:2)
  3 endoplasms
  6 giant cockroaches
  4 goblins
  6 hobgoblins
  3 quokkas (D:1)
  5 ball pythons
  2 frilled lizards
  5 kobolds
  8 rats
52 creatures vanquished.

Vanquished Creatures (collateral kills)
  A goblin (D:1)
  A rat (D:1)
2 creatures vanquished.

Grand Total: 54 creatures vanquished

Notes
Turn   | Place    | Note
-------+----------+-------------------------------------------
     0 | D:1      | PaiMei the Demonspawn Necromancer began the quest for the
                  | Orb.
     0 | D:1      | Reached XP level 1. HP: 13/13 MP: 3/3
   181 | D:1      | Gained mutation: You are partially covered in icy blue
                  | scales. (AC +2) [demonic ancestry]
   181 | D:1      | Reached XP level 2. HP: 11/19 MP: 0/5
   787 | D:1      | Reached XP level 3. HP: 24/24 MP: 3/6
   966 | D:2      | Found a bloodstained altar of Trog.
  1818 | D:3      | Gained mutation: You may rarely emit foul miasma when
                  | damaged in melee. [demonic ancestry]
  1818 | D:3      | Reached XP level 4. HP: 30/30 MP: 2/7
  2165 | D:3      | Noticed Sigmund
  2740 | D:3      | Learned a level 3 spell: Vampiric Draining
  2786 | D:3      | Slain by Sigmund

Illustrated notes

Levels and vault maps discovered:
D:1:      lemuel_arrival_room, layout_rooms
D:2:      layout_loops_cross, basic_altar, hangedman_decor_points,
          minmay_pentomino_pile
D:3:      layout_basic, uniq_sigmund

Skill      XL: |  1 |
---------------+----+-----
Stealth        | 2 |  2.7
Dodging        | 2 |  2.5
Spellcasting   | |  2.7
Necromancy     | |  4.9

Action                     |  1- 3 |  4- 6 || total
---------------------------+-------+-------++-------
  Melee: Spear             |    35 |    24 ||    59
         Punch             |     1 |       ||     1
   Cast: Necrotise         |    69 |    23 ||    92
         Vampiric Draining |       |     2 ||     2
 Armour: Robe              |    31 |    37 ||    68
  Dodge: Dodged            |    41 |    35 ||    76
